 Dungeon Crawl Stone Soup version 0.24-a0-640-ge7cd8ce796 (webtiles) character file.

Game seed: 916083825204529166, levelgen mode: deterministic

8734 Gargoyl the Cleaver (level 11, -3/93 HPs)
             Began as a Centaur Abyssal Knight on Sept 24, 2019.
             Was an Elder of Lugonu.
             Slain by a wolf (12 damage)
             ... on level 1 of the Lair of Beasts on Sept 25, 2019.
             The game lasted 00:17:39 (13525 turns).

Gargoyl the Cleaver (Centaur Abyssal Knight)       Turns: 13525, Time: 00:17:39

Health: -3/93      AC: 12    Str: 17    XL:     11   Next: 13%
Magic:  16/16      EV: 10    Int: 14    God:    Lugonu [****..]
Gold:   687        SH:  8    Dex: 12    Spells: 10/10 levels left

rFire    . . .     SeeInvis .   F - +2 hand axe (vamp)
rCold    . . .     Gourm    .   K - +0 shield
rNeg     + . .     Faith    .   u - +2 animal skin
rPois    +         Spirit   .   g - +2 helmet
rElec    .         Reflect  .   s - +1 cloak
rCorr    .         Harm     .   (no gloves)
MR       .....                  (no barding)
Stlth    +.........             w - amulet of magic regeneration
HPRegen  0.25/turn              h - ring of poison resistance
MPRegen  0.40/turn              A - ring of Birdsong {Wiz rN+ Int+3}

@: lightly drained, very quick
A: large, hooves 3, deformed body, speed 2, screaming 1, shaggy fur 1, strong 1,
tough skin 3
a: Depart the Abyss, Bend Space, Banish, Corrupt, Renounce Religion


You were on level 1 of the Lair of Beasts.
You worshipped Lugonu.
Lugonu was greatly pleased with you.
You were not hungry.

You visited 2 branches of the dungeon, and saw 11 of its levels.
You visited the Abyss 1 time.
You also visited: Ossuary.

You collected 687 gold pieces.

Inventory:

Hand Weapons
 b - a +4 hand axe
 F - a +2 vampiric hand axe (weapon)
Armour
 g - a +2 helmet (worn)
 s - a +1 cloak (worn)
 u - a +2 animal skin (worn)
 K - a +0 shield (worn)
Jewellery
 d - an uncursed ring of flight
 h - a ring of poison resistance (left hand)
 i - an uncursed ring of resist corrosion
 w - an amulet of magic regeneration (around neck)
 A - the ring of Birdsong (right hand) {Wiz rN+ Int+3}
   (You found it on level 5 of the Dungeon)

   [ring of wizardry]

   It improves your spell success rate.
   It affects your intelligence (+3).
   It protects you from negative energy.
Wands
 r - a wand of flame (19)
 x - a wand of random effects (15)
 y - a wand of digging (6)
 B - a wand of enslavement (11)
Scrolls
 e - 3 scrolls of fog
 o - 5 scrolls of identify
 p - 6 scrolls of fear
 t - 2 scrolls of blinking
 v - 3 scrolls of teleportation
 C - 8 scrolls of remove curse
 E - a scroll of magic mapping
Potions
 f - 3 potions of brilliance
 j - 4 potions of haste
 k - 2 potions of flight {unknown}
 l - 3 potions of berserk rage
 m - 7 potions of curing
 n - 2 potions of degeneration {unknown}
 q - a potion of invisibility
 z - 5 potions of heal wounds {unknown}
 D - a potion of might {unknown}
 G - a potion of magic {unknown}
 I - a potion of cancellation {unknown}
Comestibles
 a - 4 chunks of flesh
 c - 17 rations


   Skills:
 + Level 7.7(7.5) Fighting
 + Level 8.1(7.9) Axes
 * Level 4.9(4.7) Armour
 * Level 6.3(6.0) Dodging
 - Level 2.2(2.1) Stealth
 + Level 2.3(2.1) Shields
 * Level 7.1(6.9) Invocations
 + Level 1.9(1.7) Evocations


You had 10 spell levels left.
You didn't know any spells.
Your spell library was empty.

Dungeon Overview and Level Annotations

Branches:
Dungeon (10/15)            Temple (0/1) D:7            Lair (1/6) D:8
Ossuary (visited)
    Orc: D:9-12

Altars:
Cheibriados
Fedhas
Kikubaaqudgha
Nemelex Xobeh
Okawaru
Qazlal
Trog
Uskayaw
Vehumet
Xom
Yredelemnul
Zin


Innate Abilities, Weirdness & Mutations

You have hooves in place of feet.
Armour fits poorly on your strangely shaped body.
You cover ground very quickly.
You have extremely tough skin. (AC +3)
You occasionally shout uncontrollably at your foes.
You are covered in fur. (AC +1)
Your muscles are strong. (Str +2)


Message History

You slash the wolf!
You feel better.
You kill the wolf!
Lugonu accepts your kill.
You hit the wolf but do no damage. You completely miss the wolf.
The wolf bites you.
* * * LOW HITPOINT WARNING * * *
You block the wolf's attack. The wolf closely misses you.
The wolf bites you but does no damage.
You hit the wolf but do no damage.
The wolf is moderately wounded.
You barely miss the wolf. You block the wolf's attack.
The wolf closely misses you. The wolf bites you but does no damage.
The wolf bites you!
* * * LOW HITPOINT WARNING * * *
A spiny frog comes into view.
You closely miss the hound. You barely miss the wolf.
The spiny frog gives a loud, deep croak!
You hit the wolf but do no damage. The hound bites you but does no damage.
The wolf bites you!
You die...

.. ###.P . . ..##
...# .. #.#.>
..####... . ....
#....F... ####..
#..# #........
......
#..####!.......
...... ##
##........###...
#####.
##.##P...†h...# . #
.........@h...## #
..........h....# #
..............## #
..............# #
..............# #
..............# #
..............# #
...............# #
P................##


You could see a spiny frog, 2 wolves and a hound.

Vanquished Creatures
  Nergalle (D:10)
  A flayed ghost (Abyss:3)
  A hornet (D:8)
  2 hippogriffs
  A wyvern (D:9)
  A wraith (Ossuary)
  2 hungry ghosts
  5 phantoms
  2 black bears (D:8)
  5 orc warriors
  3 ice beasts
  A necrophage (D:9)
  5 ogres
  7 wolves
  A centaur (D:6)
  2 big kobolds
  14 bullfrogs
  A wyvern skeleton (D:7)
  6 scorpions
  12 wights
  A howler monkey (D:4)
  5 crimson imps
  2 centaur zombies
  A bullfrog zombie (D:6)
  4 hounds
  4 orc priests
  5 jellies
  3 centaur skeletons
  2 bullfrog skeletons
  2 iguanas
  7 orc wizards
  6 worker ants
  A hound zombie (D:6)
  A hound skeleton (D:10)
  3 mummies (Ossuary)
  Robin (D:3)
  A howler monkey skeleton (D:8)
  6 gnolls
  9 adders
  10 oozes
  An adder skeleton (D:8)
  2 worms
  5 leopard geckos
  26 orcs
  3 giant cockroaches
  7 goblins
  6 hobgoblins
  7 jackals
  4 quokkas
  4 ball pythons
  6 bats
  6 frilled lizards
  3 goblin zombies
  2 hobgoblin zombies (Ossuary)
  15 kobolds
  A kobold zombie (Ossuary)
  A leopard gecko skeleton (D:7)
  A quokka skeleton (D:6)
  4 rats
  A rat zombie (D:7)
252 creatures vanquished.

Vanquished Creatures (others)
  A komodo dragon (D:8)
  A troll (D:9)
  An orc wizard (D:6)
  4 fungi (D:4)
  6 toadstools (D:4)
13 creatures vanquished.

Grand Total: 265 creatures vanquished

Notes
Turn   | Place    | Note
-------+----------+-------------------------------------------
     0 | Abyss:1  | Gargoyl the Centaur Abyssal Knight began the quest for the
                  | Orb.
     0 | Abyss:1  | Reached XP level 1. HP: 19/19 MP: 2/2
     1 | Abyss:1  | Found a corrupted altar of Lugonu.
    41 | Abyss:1  | Noticed a raiju
    89 | Abyss:1  | Noticed a chaos spawn
   106 | Abyss:1  | Noticed a starcursed mass
   152 | Abyss:1  | Noticed a smoke demon
   166 | Abyss:1  | Noticed a chaos spawn
   246 | Abyss:3  | Found a corrupted altar of Lugonu.
   280 | Abyss:3  | Noticed a flayed ghost
   285 | Abyss:3  | Noticed a frost giant skeleton
   299 | Abyss:3  | Killed a flayed ghost
   299 | Abyss:3  | Reached skill level 5 in Fighting
   299 | Abyss:3  | Reached skill level 3 in Axes
   299 | Abyss:3  | Reached skill level 1 in Evocations
   299 | Abyss:3  | Reached XP level 2. HP: 18/29 MP: 4/4
   299 | Abyss:3  | Reached XP level 3. HP: 23/36 MP: 5/5
   299 | Abyss:3  | Reached XP level 4. HP: 27/42 MP: 6/6
   299 | Abyss:3  | Reached XP level 5. HP: 31/48 MP: 7/7
   299 | Abyss:3  | Reached XP level 6. HP: 36/56 MP: 8/8
   300 | D:1      | Escaped the Abyss
   634 | D:1      | Reached XP level 7. HP: 61/61 MP: 9/9
   817 | D:2      | Reached * piety under Lugonu
  1074 | D:2      | Found a radiant altar of Vehumet.
  1290 | D:2      | Found a bloodstained altar of Trog.
  1290 | D:2      | Found a snail-covered altar of Cheibriados.
  1428 | D:2      | Found a blossoming altar of Fedhas.
  1924 | D:3      | Reached ** piety under Lugonu
  2005 | D:3      | Found an ancient bone altar of Kikubaaqudgha.
  2104 | D:3      | Reached skill level 1 in Dodging
  2187 | D:3      | Found a shimmering altar of Xom.
  2227 | D:3      | Noticed Robin
  2244 | D:3      | Killed Robin
  2877 | D:4      | Found a sparkling altar of Nemelex Xobeh.
  3103 | D:4      | Reached skill level 4 in Axes
  3226 | D:4      | Reached XP level 8. HP: 19/70 MP: 10/10
  4337 | D:5      | Entered Level 5 of the Dungeon
  4387 | D:5      | Reached *** piety under Lugonu
  4938 | D:5      | Found a glowing silver altar of Zin.
  4961 | D:5      | Got a vibrating brass ring
  5441 | D:5      | Reached skill level 5 in Axes
  5644 | D:6      | Identified the ring of Birdsong {Wiz rN+ Int+3} (You found
                  | it on level 5 of the Dungeon)
  6266 | D:6      | Reached XP level 9. HP: 72/77 MP: 12/12
  6679 | D:6      | Reached skill level 6 in Axes
  6679 | D:6      | Reached skill level 5 in Invocations
  6848 | D:6      | Reached **** piety under Lugonu
  6902 | D:6      | Reached skill level 1 in Shields
  8291 | D:7      | Found a staircase to the Ecumenical Temple.
  8425 | D:7      | Found a sand-covered staircase.
  8433 | Ossuary  | Entered an ossuary
  8552 | Ossuary  | Gained mutation: Your muscles are strong. (Str +2) [potion
                  | of mutation]
  8552 | Ossuary  | Gained mutation: You occasionally shout uncontrollably at
                  | your foes. [potion of mutation]
  8552 | Ossuary  | Gained mutation: You are covered in fur. (AC +1) [potion of
                  | mutation]
  9159 | D:7      | Reached XP level 10. HP: 78/86 MP: 14/14
  9649 | D:8      | Reached skill level 7 in Axes
 10135 | D:8      | Found a staircase to the Lair.
 10146 | D:8      | Reached skill level 5 in Dodging
 10221 | D:8      | Found a stormy altar of Qazlal.
 11020 | D:9      | Found a basalt altar of Yredelemnul.
 11331 | D:9      | Found a hide-covered altar of Uskayaw.
 11336 | D:9      | Found an iron altar of Okawaru.
 11795 | D:10     | Entered Level 10 of the Dungeon
 11848 | D:10     | Noticed Nergalle
 11897 | D:10     | Killed Nergalle
 11904 | D:10     | Reached skill level 8 in Axes
 12610 | D:10     | Reached ***** piety under Lugonu
 12922 | Lair:1   | Entered Level 1 of the Lair of Beasts
 12936 | D:8      | Reached XP level 11. HP: 41/93 MP: 16/16
 13525 | Lair:1   | Slain by a wolf

Levels and vault maps discovered:
D:1:      lightli_arrival_statue_moat, layout_rooms, minmay_misc_feat_roman
D:2:      layout_basic, old_standard_altar, lemuel_crystal_altar,
          gammafunk_temple_overflow_wave
D:3:      layout_loops_ring, overflow_temple_1_default,
          lemuel_coloured_pillars_altar, first_ration, uniq_robin
D:4:      cheibrodos_fertilizer, layout_loops_corners,
          nemelex_xobeh_ov_fountains_minmay
D:5:      layout_basic, zin_treasury, minmay_misc_feat_four_crosses,
          hangedman_decor_opposing, wad_floor_pattern_2, st_stairs_4
D:6:      minmay_spotlight, layout_basic
D:7:      layout_rooms, temple_pool_b, enter_ossuary_4
D:8:      layout_basic, grunt_qazlal_clouds, lair_entry_dummy, grunt_ogre_cave
D:9:      layout_basic, old_standard_altar, minitemple
D:10:     layout_roguey, uniq_nergalle
Lair:1:   beast_lair_carwin_large_4, layout_long_grid

Skill      XL: |  1  2  3  4  5  6  7  8  9 10 |
---------------+-------------------------------+-----
Fighting       | 5 6 7 |  7.7
Axes           | 3 4 5 6 8 |  8.1
Stealth        | 2 |  2.2
Evocations     | 1 |  1.9
Armour         | 2 3 4 |  4.9
Invocations    | 3 4 5 7 |  7.1
Dodging        | 1 3 4 6 |  6.3
Shields        | 1 2 |  2.3

Action                   |  1- 3 |  4- 6 |  7- 9 | 10-12 || total
-------------------------+-------+-------+-------+-------++-------
Melee: Hand axe          |     9 |    13 |   643 |   457 ||  1122
       Kick              |     3 |     1 |   145 |   131 ||   280
Invok: Depart the Abyss  |       |     1 |       |       ||     1
       Bend Space        |       |       |     1 |       ||     1
       Banish            |       |       |       |     2 ||     2
Evoke: Wand              |     5 |       |    18 |       ||    23
  Use: Scroll            |     3 |       |    16 |       ||    19
       Potion            |     1 |       |     2 |     4 ||     7
 Stab: Paralysed         |     9 |       |    32 |       ||    41
       Sleeping          |       |       |     3 |     4 ||     7
  Eat: Chunk             |       |       |    23 |     9 ||    32
       Ration            |       |       |     3 |     1 ||     4
Armor: Leather armour    |     1 |     6 |    12 |       ||    19
       Chain mail        |       |       |    87 |       ||    87
       Animal skin       |       |       |   156 |   208 ||   364
       Skin              |       |       |     8 |    17 ||    25
Dodge: Dodged            |       |     3 |   240 |   227 ||   470
Block: Buckler           |       |       |    76 |    49 ||   125
       Shield            |       |       |       |    96 ||    96

Table legend:
 A = Non-vault XP
 B = Vault XP
 C = Vault XP percentage of total XP
 D = Non-vault monster count
 E = Vault monster count
 F = Vault count percentage of total count
                 A         B        C        D         E       F
            +---------+---------+-------+---------+---------+-------
      Total |    9830 |    2648 |  21.2 |     199 |      55 |  21.7
            +---------+---------+-------+---------+---------+-------
        D:1 |      39 |       0 |   0.0 |       9 |       0 |   0.0
        D:2 |      92 |       0 |   0.0 |      26 |       0 |   0.0
        D:3 |     163 |      32 |  16.4 |      11 |      10 |  47.6
        D:4 |     616 |     148 |  19.4 |      11 |      17 |  60.7
        D:5 |     455 |      40 |   8.1 |      16 |       1 |   5.9
        D:6 |    1701 |     190 |  10.0 |      39 |       3 |   7.1
        D:7 |    1180 |       2 |   0.2 |      18 |       2 |  10.0
        D:8 |    2357 |     599 |  20.3 |      31 |       6 |  16.2
        D:9 |    1365 |       0 |   0.0 |      21 |       0 |   0.0
       D:10 |     784 |     820 |  51.1 |      14 |       1 |   6.7
     Lair:1 |     355 |     551 |  60.8 |       2 |       6 |  75.0
    Abyss:3 |     723 |       0 |   0.0 |       1 |       0 |   0.0
    Ossuary |       0 |     266 | 100.0 |       0 |       9 | 100.0
            +---------+---------+-------+---------+---------+-------
